Map: Terrasses de Prion

Players

rockpilye

  • Race: Protoss Protoss
  • League: Bronze
  • Spawn Location: 5:00

zidar - Winner!

  • Race: Zerg Zerg
  • League: Silver
  • Spawn Location: 11:00

VOD

Have the link to the VOD?

Description

Time

  • Played on: Feb. 4, 2016, 1:26 p.m.
  • Length: 18:49
Show
View Real Time Build Order
Export as new Build Order

rockpilye Protoss 

Build Orders:  

Get SALT Encoding   

  12  0:02  Probe (Chrono Boost)  
  13  0:12  Probe (Chrono Boost)  
  14  0:21  Pylon  
  14  0:24  Probe (Chrono Boost)  
  15  0:33  Pylon  
  15  0:39  Probe (Chrono Boost)  
  16  0:44  Assimilator  
  16  0:49  Probe (Chrono Boost)  
  17  0:56  Forge  
  17  1:02  Probe (Chrono Boost)  
  18  1:13  Probe (Chrono Boost)  
  18  1:14  Gateway  
  19  1:23  Probe (Chrono Boost)  
  20  1:28  Gateway  
  20  1:43  Gateway  
  20  1:45  Probe (Chrono Boost)  
  21  1:59  Assimilator  
  21  2:04  Zealot (Chrono Boost)  
  23  2:20  Zealot (Chrono Boost)  
  25  2:29  Zealot (Chrono Boost)  
  27  2:36  Zealot (Chrono Boost)  
  29  2:41  Probe  
  30  2:51  Cybernetics Core  
  30  2:52  Photon Cannon  
  30  2:53  Probe  
  30  2:58  Photon Cannon  
  31  3:13  Pylon  
  31  3:16  Pylon  
  31  3:24  Protoss Shields Level 1  
  31  3:42  Nexus  
  31  3:53  Stalker (Chrono Boost)  
  33  3:57  Stalker (Chrono Boost)  
  37  4:19  Stalker (Chrono Boost)  
  37  4:24  Stalker (Chrono Boost)  
  39  4:59  Probe  
  40  5:07  Probe, Stalker (Chrono Boost)  
  46  5:10  Stalker (Chrono Boost)  
  46  5:11  Probe, Stalker (Chrono Boost)  
  48  5:34  Stargate  
  48  5:36  Stargate  
  48  5:40  Protoss Ground Weapons Level 1  
  48  5:47  Sentry (Chrono Boost)  
  48  5:49  Stalker (Chrono Boost)  
  52  6:11  Zealot (Chrono Boost)  
  56  6:14  Zealot (Chrono Boost)  
  58  6:19  Zealot (Chrono Boost)  
  58  6:34  Stalker (Chrono Boost)  
  60  6:51  Zealot (Chrono Boost)  
  62  7:05  Nexus  
  62  7:08  Pylon  
  62  7:27  Zealot (Chrono Boost)  
  68  7:30  Zealot x2 (Chrono Boost)  
  68  7:35  Probe, Pylon  
  69  7:46  Probe  
  70  7:53  Zealot (Chrono Boost)  
  70  7:58  Zealot x2 (Chrono Boost)  
  76  8:08  Pylon  
  76  8:09  Probe, Pylon  
  77  8:16  Void Ray x2  
  77  8:17  Stalker (Chrono Boost)  
  77  8:19  Probe  
  88  8:43  Stalker (Chrono Boost)  
  88  8:45  Sentry (Chrono Boost)  
  88  8:47  Sentry (Chrono Boost)  
  94  8:55  Probe  
  94  8:59  Void Ray x2 (Chrono Boost)  
  103  9:07  Probe  
  104  9:16  Stalker  
  106  9:19  Probe  
  106  9:23  Stalker  
  109  9:41  Pylon  
  109  9:43  Pylon  
  109  9:59  Void Ray (Chrono Boost), Probe, Zealot  
  116  10:02  Void Ray (Chrono Boost)  
  120  10:11  Probe  
  67  10:59  Zealot x3  
  61  11:26  Stalker x3  
  47  11:43  Probe  
  48  11:50  Assimilator  
  48  11:55  Probe  
  48  11:56  Zealot, Assimilator, Stalker x2  
  55  12:08  Probe  
  56  12:11  Photon Cannon  
  56  12:12  Photon Cannon  
  56  12:13  Void Ray x2 (Chrono Boost)  
  64  12:15  Photon Cannon  
  64  12:17  Pylon  
  64  12:18  Assimilator  
  64  12:19  Pylon  
  64  12:20  Probe  
  64  12:22  Pylon  
  65  12:23  Assimilator, Stalker  
  65  12:26  Stalker x2  
  71  12:32  Probe  
  71  12:34  Photon Cannon x2  
  71  12:36  Photon Cannon  
  72  12:37  Photon Cannon  
  72  12:39  Photon Cannon  
  72  12:41  Fleet Beacon  
  72  12:53  Stalker  
  70  13:31  Nexus  
  70  13:34  Pylon  
  70  13:36  Pylon  
  42  14:15  Robotics Facility  
  42  14:17  Robotics Facility  
  42  14:20  Pylon  
  42  14:22  Pylon  
  42  14:24  Pylon  
  42  14:26  Photon Cannon  
  42  14:49  Photon Cannon  
  42  14:50  Photon Cannon  
  42  14:56  Assimilator  
  42  15:03  Assimilator  
  42  15:17  Observer (Chrono Boost)  
  43  15:36  Stalker x3  
  43  15:40  Immortal (Chrono Boost)  
  57  15:43  Immortal (Chrono Boost)  
  57  15:48  Probe  
  58  16:00  Probe  
  56  16:12  Probe  
  41  16:28  Immortal (Chrono Boost)  
  41  16:30  Immortal (Chrono Boost)  
  49  16:38  Gateway  
  49  16:39  Cybernetics Core  
  42  17:02  Immortal (Chrono Boost)  
  50  17:09  Immortal (Chrono Boost)  
  48  17:28  Probe  
  48  17:36  Immortal (Chrono Boost)  
  56  17:48  Immortal (Chrono Boost)  
  55  18:00  Pylon  
  55  18:06  Robotics Bay  
  55  18:10  Immortal (Chrono Boost)  
  59  18:15  Stalker  
Show
View Real Time Build Order
Export as new Build Order

zidar Zerg - Winner!

Build Orders: Pool First, Lurkers 

Get SALT Encoding   

  12  0:03  Drone  
  13  0:14  Overlord  
  13  0:18  Drone  
  14  0:32  Drone x2  
  16  0:36  Drone  
  17  0:48  Spawning Pool  
  16  0:50  Drone  
  17  1:12  Hatchery  
  17  1:15  Drone  
  17  1:21  Extractor  
  16  1:30  Drone  
  16  1:31  Overlord, Drone  
  17  1:42  Queen  
  19  2:00  Drone x2  
  21  2:10  Drone  
  21  2:15  Drone  
  23  2:18  Queen  
  23  2:21  Metabolic Boost  
  25  2:34  Roach Warren  
  25  2:35  Drone  
  25  2:38  Drone  
  26  2:47  Evolution Chamber  
  25  3:04  Zergling x2  
  25  3:05  Zergling x12  
  32  3:33  Lair  
  32  3:36  Drone x4  
  36  3:42  Overlord  
  36  3:59  Queen  
  38  4:03  Drone x6  
  38  4:08  Spore Crawler  
  43  4:13  Spore Crawler  
  43  4:15  Drone x2  
  37  4:59  Overlord  
  37  5:00  Overlord x2  
  37  5:05  Zerg Melee Weapons Level 1  
  37  5:11  Extractor  
  36  5:14  Extractor  
  36  5:16  Extractor  
  34  5:30  Hatchery  
  34  5:34  Roach x6  
  34  5:35  Roach x3  
  51  5:45  Overlord x3  
  51  5:46  Overlord  
  51  6:06  Zergling x2  
  51  6:07  Roach x2  
  51  6:08  Roach x5  
  66  6:23  Hydralisk Den  
  65  6:44  Zergling x12  
  65  6:45  Roach  
  65  6:46  Roach x3  
  79  6:47  Ravager  
  79  6:48  Ravager  
  79  6:52  Ravager  
  83  6:54  Zergling x2  
  83  7:18  Drone x7  
  90  7:42  Lurker Den  
  90  7:46  Zerg Missile Weapons Level 1  
  90  7:56  Evolution Chamber  
  89  8:22  Drone  
  89  8:26  Overlord  
  89  8:27  Overlord x3  
  90  8:42  Zerg Ground Armor Level 1  
  90  8:49  Infestation Pit  
  90  8:54  Drone  
  90  8:55  Drone x10  
  100  8:58  Drone x4  
  100  8:59  Drone x3  
  100  9:00  Drone x2  
  100  9:01  Drone x2  
  111  9:16  Extractor  
  110  9:19  Overlord  
  110  9:20  Overlord x2  
  110  9:21  Extractor  
  109  9:59  Zerg Melee Weapons Level 2  
  109  10:02  Hydralisk  
  109  10:03  Hydralisk x12  
  135  10:10  Overseer  
  88  11:03  Hydralisk x6  
  88  11:04  Hydralisk x7  
  96  11:53  Lurker x4  
  100  11:55  Lurker  
  100  11:58  Roach  
  100  11:59  Roach x3  
  100  12:00  Hatchery  
  108  12:18  Queen  
  108  12:19  Queen  
  108  13:18  Hydralisk  
  108  13:19  Hydralisk x6  
  118  14:29  Hatchery  
  117  14:39  Hatchery  
  117  14:45  Hydralisk x6  
  128  15:00  Roach x2  
  120  17:25  Hydralisk x11  
Tags
 
Composition
Lurkers
Matchup
PvZ
Opening
Pool First
Spawn Locations
Cross Positions
Add a new tag
Caveats
  • Supply blocks, unpowered buildings, or Contaminate may cause inaccurate times.
  • Supply counts are checked every 10 seconds.